 Dungeon Crawl Stone Soup version 0.15.2 (webtiles) character file.

404 Huymann the Magician (level 6, -1/39 HPs)
             Began as a High Elf Wizard on Feb 20, 2015.
             Killed by divine providence
             ... invoked by an orc priest
              (13 damage)
             ... on Level 5 of the Dungeon.
             The game lasted 00:31:54 (5454 turns).

Huymann the Magician (High Elf Wizard)              Turns: 5454, Time: 00:31:54

HP  -1/39        AC  7     Str  8      XL: 6   Next: 56%
MP  16/19        EV 13     Int 22      God:
Gold 234         SH  0     Dex 14      Spells:  5 memorised,  3 levels left

rFire  . . .     SeeInvis .     s - +4 quarterstaff (chaos)
rCold  . . .     Clarity  .     x - +0 robe
rNeg   . . .     rCorr    .     (no shield)
rPois  .         rRot     .     D - +2 helmet
rElec  .         Spirit   .     t - +0 cloak
SustAb .         Warding  .     F - +0 pair of gloves
rMut   .         Stasis   .     (no boots)
Gourm  +                        y - amulet of the gourmand
MR     .....                    (no ring)
                                q - ring of wizardry

@: not resistant to hostile enchantments, fairly stealthy
A: no striking features
a: no special abilities


You were on level 5 of the Dungeon.
You were hungry.

You visited 1 branch of the dungeon, and saw 5 of its levels.

You collected 234 gold pieces.

Inventory:

Hand weapons
 f - a +0 dagger
 l - a +1 short sword of electrocution
 s - a +4 quarterstaff of chaos (weapon)
 H - a +0 blowgun
 N - a +0 dagger of speed
Missiles
 o - 22 poisoned needles
 z - 2 poisoned arrows
Armour
 a - a +0 robe
 b - a +0 hat
 e - a +0 robe
 p - a +0 shield
 t - a +0 cloak (worn)
 x - a +0 robe (worn)
 A - a +0 robe
 D - a +2 helmet (worn)
 F - a +0 pair of gloves (worn)
Magical devices
 r - a wand of enslavement (8)
 I - a wand of confusion (17)
Comestibles
 d - 4 bread rations
 i - 2 meat rations
 k - a slice of pizza
Scrolls
 h - 4 scrolls of amnesia
 u - a scroll of magic mapping
 B - 3 scrolls of remove curse
 C - a scroll of immolation
 E - a scroll of blinking
 K - a scroll of teleportation
 R - a scroll of identify
Jewellery
 n - a cursed ring of loudness
 q - a ring of wizardry (left hand)
 y - an amulet of the gourmand (around neck)
 J - an uncursed amulet of warding
Potions
 g - a potion of heal wounds {unknown}
 j - 2 potions of curing
 m - a potion of mutation {unknown}
 v - a potion of might {unknown}
 w - a potion of degeneration {unknown}
 G - a potion of beneficial mutation {unknown}
 L - a potion of cancellation {unknown}
 M - a potion of poison {unknown}
 Q - a potion of haste {unknown}
Books
 c - a book of Minor Magic

   Spells                             Type                      Level
   *Magic Dart                        Conjuration                  1
   *Blink                             Translocation                2
   *Call Imp                          Summoning                    2
   Repel Missiles                     Charms/Air                   2
   Slow                               Hexes                        2
   *Conjure Flame                     Conjuration/Fire             3
   *Mephitic Cloud                    Conjuration/Poison/Air       3


   Skills:
 * Level 2.2 Fighting
 * Level 1.7 Short Blades
 * Level 2.2 Staves
 * Level 0.1 Armour
 + Level 3.1 Dodging
 * Level 4.2 Stealth
 + Level 4.7 Spellcasting
 * Level 2.9 Conjurations
 + Level 1.0 Summonings
 + Level 1.1 Translocations
 + Level 0.2 Fire Magic
 + Level 0.2 Air Magic


You had 3 spell levels left.
You knew the following spells:

 Your Spells              Type           Power        Failure   Level  Hunger
a - Magic Dart            Conj           ###.         1%          1    None
b - Blink                 Tloc           N/A          4%          2    None
c - Call Imp              Summ           #.......     4%          2    None
d - Conjure Flame         Conj/Fire      ##......     7%          3    ##.....
e - Mephitic Cloud        Conj/Pois/Air  #.......     9%          3    ##.....


Dungeon Overview and Level Annotations

Branches:
Dungeon (5/15)
 Temple: D:4-7

Altars:
Cheibriados
Elyvilon
Fedhas
Nemelex Xobeh
Qazlal


Message History

The orc priest hits you but does no damage.
You hit the orc priest but do no damage.
The orc priest flickers and vanishes!
Deactivating autopickup; reactivate with Ctrl-A.
Something hits you but does no damage. The orc closely misses you.
The crimson imp disappears for a moment.
You barely miss something. Something hits you. The orc misses you.
The crimson imp blinks!
All of the chunks of flesh in your inventory have rotted away.
You miss something.
You hear something invoke the aid of Beogh against you.
Pain shoots through your body! The orc hits you with a club.
The orc closely misses you.
You barely miss something. Something hits you. The orc barely misses you.
The crimson imp grins evilly.
The orc hits you but does no damage. x2
You hit something.
You hear something call down the wrath of Beogh upon you.
Something smites you!
You die...

...#...# ..................
..<##.## .....................
....#.# ....................
##.##.## ####...................
.###...###...#.....>.............
....._.....⌠.....................
.###...###...#...................
##.##.##.#####.oo................
....#.#........o@................
...##.##.........................
..(#...#.........................
...#.⌠.#......<.5...........)....
...#...#.........................
...##.##.........................
...........[.....................
.....[...........................
.................... ...........


You could see a crimson imp and 3 orcs.

Vanquished Creatures
  A jelly (D:5)
  Crazy Yiuf (D:2)
  An orc priest (D:5)
  An orc wizard (D:3)
  A worker ant (D:4)
  An iguana (D:5)
  3 gnolls (D:3)
  6 adders
  4 worms
  3 giant geckos
  An ooze (D:2)
  16 orcs
  9 giant cockroaches
  12 goblins
  11 hobgoblins
  4 jackals (D:4)
  11 kobolds
  A quokka (D:4)
  16 bats
  7 giant newts
  11 rats
121 creatures vanquished.

Vanquished Creatures (collateral kills)
  An adder (D:2)
  A hobgoblin (D:2)
  A kobold (D:2)
3 creatures vanquished.

Vanquished Creatures (others)
  A shadow imp (D:2)
1 creature vanquished.

Grand Total: 125 creatures vanquished

Notes
Turn   | Place    | Note
--------------------------------------------------------------
     0 | D:1      | Huymann, the High Elf Wizard, began the quest for the Orb.
     0 | D:1      | Reached XP level 1. HP: 11/11 MP: 5/5
   403 | D:1      | Reached XP level 2. HP: 15/17 MP: 1/7
   461 | D:1      | Reached skill level 4 in Spellcasting
  1482 | D:1      | Reached XP level 3. HP: 22/22 MP: 9/11
  1704 | D:1      | Learned a level 2 spell: Blink
  1707 | D:1      | Learned a level 2 spell: Call Imp
  1711 | D:1      | Learned a level 3 spell: Conjure Flame
  2172 | D:2      | Reached skill level 1 in Fighting
  2406 | D:2      | Reached XP level 4. HP: 24/28 MP: 10/14
  2411 | D:2      | Learned a level 3 spell: Mephitic Cloud
  2506 | D:2      | Found a sparkling altar of Nemelex Xobeh.
  2604 | D:2      | Noticed Crazy Yiuf
  2622 | D:2      | Killed Crazy Yiuf
  2995 | D:3      | Reached XP level 5. HP: 33/33 MP: 16/16
  3054 | D:3      | Reached skill level 1 in Staves
  3127 | D:3      | Reached skill level 1 in Summonings
  3289 | D:3      | Reached skill level 1 in Short Blades
  3572 | D:3      | Found a snail-covered altar of Cheibriados.
  4053 | D:4      | Reached XP level 6. HP: 39/39 MP: 19/19
  4301 | D:4      | Found a stormy altar of Qazlal.
  4508 | D:2      | Found a blossoming altar of Fedhas.
  4582 | D:5      | Entered Level 5 of the Dungeon
  5260 | D:5      | Found a white marble altar of Elyvilon.
  5454 | D:5      | Killed from afar by an orc priest

Action                   |  1- 3 |  4- 6 || total
-------------------------+-------+-------++-------
Melee: Dagger            |    73 |       ||    73
       Short sword       |     9 |    14 ||    23
       Quarterstaff      |       |   147 ||   147
 Cast: Magic Dart        |    73 |    14 ||    87
       Call Imp          |     3 |     3 ||     6
       Conjure Flame     |     2 |     3 ||     5
       Mephitic Cloud    |       |     4 ||     4
Evoke: Wand              |       |     2 ||     2
  Use: Scroll            |     3 |    10 ||    13
 Stab: Distracted        |     1 |       ||     1
       Sleeping          |       |     7 ||     7
       Confused          |       |     1 ||     1
  Eat: Chunk             |     5 |     9 ||    14
